 Dungeon Crawl Stone Soup version 0.30-a0-986-g7f2e898f52 (webtiles) character file.

Game seed: 5589118605513490113

1995 bande the Cleaver (level 9, -5/56 HPs)
             Began as a Gargoyle Fighter on Apr 1, 2023.
             Slain by Prince Ribbit (10 damage)
             ... on level 5 of the Dungeon.
             The game lasted 00:09:10 (5012 turns).

bande the Cleaver (Gargoyle Fighter)                Turns: 5012, Time: 00:09:11

Health: -5/56      AC: 17    Str: 26    XL:     9   Next: 21%
Magic:  9/9        EV: 13    Int:  9    God:
Gold:   194        SH:  5    Dex: 13    Spells: 8/8 levels left

rFire   . . .      SeeInvis .    a - +0 war axe
rCold   . . .      Faith    .    c - +0 buckler
rNeg    + . .      Spirit   .    C - +0 chain mail
rPois   ∞          Reflect  .    o - +0 helmet
rElec   +          Rampage  .    (no cloak)
rCorr   .                        (no gloves)
Will    .....                    (no boots) Stlth
                                 (no amulet)
HPRegen 0.29/turn                g - +5 ring of evasion
MPRegen 0.11/turn                h - +6 ring of strength

@: mighty
A: sickness immunity, AC +6, negative energy resistance 1, electricity
resistance, torment resistance 1, petrification resistance
a: no special abilities


You were on level 5 of the Dungeon.
You visited 1 branch of the dungeon, and saw 5 of its levels.
You also visited: Ossuary.

You collected 249 gold pieces.
You spent 55 gold pieces at shops.

Inventory:

Hand Weapons
 a - a +0 war axe (weapon)
Armour
 c - a +0 buckler (worn)
 o - a +0 helmet (worn)
 C - a +0 chain mail (worn)
Jewellery
 f - a ring of wizardry
 g - a +5 ring of evasion (left hand)
 h - a +6 ring of strength (right hand)
 l - a ring of positive energy
 s - a ring of flight
 y - a ring of willpower
 A - a ring of wizardry
Wands
 p - a wand of flame (24)
 r - a wand of charming (10)
Scrolls
 i - 5 scrolls of identify
 q - 2 scrolls of teleportation
 u - a scroll of silence {unknown}
 w - a scroll of summoning
 z - a scroll of fog {unknown}
 B - a scroll of brand weapon {unknown}
Potions
 d - 3 potions of might
 e - a potion of resistance
 j - 2 potions of heal wounds
 k - 3 potions of curing
 m - 3 potions of invisibility
 n - 2 potions of mutation
 t - 3 potions of attraction {unknown}
 v - 2 potions of haste
 x - a potion of flight {unknown}


   Skills:
 + Level 6.5 Fighting
 + Level 8.2 Axes
 + Level 5.9 Armour
 + Level 5.3 Shields


You had 8 spell levels left.
You didn't know any spells.
Your spell library contained the following spells:

 Spells                   Type           Power      Damage    Failure   Level
 Tukima's Dance           Hex            0%         N/A       100%        3
 Anguish                  Hex/Necr       0%         N/A       100%        4
 Passage of Golubria      Tloc           0%         N/A       100%        4
 Yara's Violent Unravell  Hex/Tmut       0%         3d3       100%        5
 Enfeeble                 Hex            0%         N/A       100%        7


Dungeon Overview and Level Annotations

Branches:
Dungeon (5/15)             Temple (0/1) D:5         Ossuary (visited)

Altars:

Shops:
D:3 !

Annotations:
D:5 Prince Ribbit


Innate Abilities, Weirdness & Mutations

You are immune to sickness and miasma.
Your stone body is resilient. (AC +6)
You are immune to poison.
You resist negative energy. (rN+)
You are resistant to electric shocks. (rElec)
You are resistant to unholy torment.
You are immune to petrification.


Message History

Edmund is severely wounded.
You slash the water moccasin!
You kill the water moccasin!
You block Edmund's attack.
Your Axes skill increases to level 8!
Unknown command.
You hit Edmund.
Edmund is almost dead.
You slash Prince Ribbit!
Prince Ribbit hits you but does no damage.
You block Prince Ribbit's attack. Edmund completely misses you.
You slash Edmund!
Edmund is almost dead.
You miss Prince Ribbit.
Prince Ribbit hops awkwardly around.
Prince Ribbit hits you but does no damage.
Edmund misses you.
Unknown command.
You slash Edmund!
You kill Edmund!
You barely miss Prince Ribbit.
Prince Ribbit hits you but does no damage. x2
Unknown command.
Prince Ribbit hits you but does no damage.
Things that are here:
a +0 flail of protection; a +0 leather armour You hit Prince Ribbit.
Prince Ribbit is heavily wounded.
Prince Ribbit misses you. Prince Ribbit barely misses you.
You miss Prince Ribbit.
Prince Ribbit is heavily wounded.
Prince Ribbit misses you.
You closely miss Prince Ribbit.
Prince Ribbit is heavily wounded.
Prince Ribbit misses you. Prince Ribbit hits you!
* * * LOW HITPOINT WARNING * * *
You miss Prince Ribbit.
Prince Ribbit is heavily wounded.
Prince Ribbit hits you!
You die...

#### **,,..#.....#
...##### ****.......#
##.....#######......#
######......##......#
....................####*
.##########.............**
## ###...........,**
#............,,*
#...)@F......,,*
#............,,*
#............,,*
#............,,*
##...........,**
##.......$..**
###########*


You could see Prince Ribbit.

Vanquished Creatures
  Edmund (D:5)
  A water moccasin (D:5)
  A hornet zombie (Ossuary)
  An ogre (D:5)
  Blork the orc (D:5)
  2 wyvern zombies (Ossuary)
  2 scorpions
  2 water moccasin zombies (Ossuary)
  7 centaur zombies (Ossuary)
  3 hounds (D:4)
  4 bullfrog zombies (Ossuary)
  2 orc priests
  Natasha (thrice) (D:2)
  An iguana (D:4)
  Ijyb (D:3)
  2 orc wizards (D:5)
  4 killer bee zombies (Ossuary)
  12 mummies (Ossuary)
  4 gnolls (D:2)
  5 adders
  2 worms (D:2)
  2 dart slugs (D:1)
  6 orcs
  9 endoplasms
  7 giant cockroaches
  9 goblins
  6 hobgoblins
  4 jackals (D:4)
  4 quokkas
  5 ball pythons
  6 bats
  A frilled lizard (D:1)
  7 kobolds
  3 rats
130 creatures vanquished.

Vanquished Creatures (others)
  6 plants (D:2)
  6 withered plants
12 creatures vanquished.

Grand Total: 142 creatures vanquished

Notes
Turn   | Place    | Note
-------+----------+-------------------------------------------
     0 | D:1      | bande the Gargoyle Fighter began the quest for the Orb.
     0 | D:1      | Reached XP level 1. HP: 14/14 MP: 1/1
    56 | D:1      | Reached XP level 2. HP: 4/19 MP: 2/2
   355 | D:1      | Reached skill level 2 in Axes
   428 | D:1      | Reached XP level 3. HP: 24/24 MP: 3/3
   896 | D:2      | Identified the +4 scale mail of Boiceb {Rampage rF+ Str+7}
   976 | D:2      | Found a faded altar of an unknown god.
  1020 | D:2      | Noticed Natasha
  1026 | D:2      | Killed Natasha
  1027 | D:2      | Reached XP level 4. HP: 28/29 MP: 4/4
  1032 | D:2      | Noticed Natasha
  1041 | D:2      | Killed Natasha
  1042 | D:2      | Reached skill level 3 in Axes
  1150 | D:2      | Noticed Natasha
  1157 | D:2      | Reached XP level 5. HP: 33/33 MP: 5/5
  1180 | D:2      | Killed Natasha
  1900 | D:3      | Reached skill level 4 in Axes
  1900 | D:3      | Reached XP level 6. HP: 23/39 MP: 6/6
  2042 | D:3      | Noticed Ijyb
  2071 | D:3      | Killed Ijyb
  2429 | D:3      | Identified the +4 mace of Irrepressible Laughter {freeze,
                  | Will+ Str+3}
  2927 | D:3      | Found Sema's Distillery.
  2944 | D:3      | Bought a potion of heal wounds for 55 gold pieces
  3443 | D:4      | Reached XP level 7. HP: 37/44 MP: 7/7
  3585 | D:4      | Reached skill level 5 in Axes
  3811 | D:5      | Entered Level 5 of the Dungeon
  3835 | D:5      | Found a sand-covered staircase.
  3859 | Ossuary  | Entered an ossuary
  3871 | Ossuary  | Reached skill level 5 in Fighting
  3939 | Ossuary  | Reached skill level 5 in Armour
  3958 | Ossuary  | Reached skill level 6 in Axes
  3959 | Ossuary  | Reached XP level 8. HP: 25/50 MP: 8/8
  4498 | Ossuary  | Reached skill level 7 in Axes
  4498 | Ossuary  | Reached skill level 5 in Shields
  4984 | D:5      | Noticed Prince Ribbit
  4985 | D:5      | Noticed Blork the orc
  4985 | D:5      | Noticed Edmund
  4992 | D:5      | Reached XP level 9. HP: 40/55 MP: 9/9
  4995 | D:5      | Killed Blork the orc
  5005 | D:5      | Reached skill level 8 in Axes
  5007 | D:5      | Killed Edmund
  5012 | D:5      | Slain by Prince Ribbit

Illustrated notes

Levels and vault maps discovered:
D:1:      lemuel_arrival_broad_hall, layout_loops_ring,
          nicolae_kite_square_tiling_tiny
D:2:      layout_basic, shapermc_ecumenical_altar_flowoftime, uniq_natasha
D:3:      kennysheep_six_static_rooms, layout_basic, serial_shops, shop_statue,
          nrook_loot_triangle, corexii_leaking_fountain, uniq_ijyb
D:4:      layout_gridville
D:5:      layout_rooms, amcnicky_altar_gilded, minmay_temple_entry_offerings,
          nicolae_ossuary_entry_ruins, uniq_blork_the_orc, uniq_edmund,
          uniq_prince_ribbit1

Skill      XL: |  1  2  3  4  5  6  7  8  9 |
---------------+----------------------------+-----
Axes           | 2 3 4 6 7 8 |  8.2
Fighting       | 4 5 6 |  6.5
Armour         | 4 5 |  5.9
Shields        | 4 5 |  5.3

Action                     |  1- 3 |  4- 6 |  7- 9 || total
---------------------------+-------+-------+-------++-------
  Melee: War axe           |   104 |   197 |   275 ||   576
    Use: Scroll            |       |     6 |     4 ||    10
         Potion            |       |     1 |     1 ||     2
 Armour: Scale mail        |    57 |   112 |   138 ||   307
         Chain mail        |       |       |    20 ||    20
  Dodge: Dodged            |    59 |    84 |   250 ||   393
  Block: Buckler           |    25 |    32 |    77 ||   134

Table legend: (Time is in decaauts)
 A = Elapsed time spent in this place.
 B = Non-inter-level travel time spent in this place.
 C = Inter-level travel time spent in this place.
 D = Time resting spent in this place.
 E = Time spent auto-exploring this place.
 F = Levels seen in this place.
 G = Mean time per level.
                   A        B        C        D        E       F      G
               +--------+--------+--------+--------+--------+-----+--------+
         Total |   5226 |   5166 |     60 |   1010 |   2833 |   6 |  871.0 |
       Dungeon |   4200 |   4140 |     60 |    739 |   2442 |   5 |  840.0 |
       Ossuary |   1025 |   1025 |      0 |    271 |    390 |   1 | 1025.0 |
               +--------+--------+--------+--------+--------+-----+--------+

Top non-repeatable levels by time:
     D:3: 1383 daAuts
     D:2: 1129 daAuts
 Ossuary: 1025 daAuts
     D:1: 844 daAuts
     D:4: 586 daAuts
     D:5: 256 daAuts
